Map: Frozen Temple

Players

Neeb - Winner!

  • Race: Protoss Protoss

iaguz

  • Race: Terran Terran

Event: WCS Copa Intercontinental

VOD

Have the link to the VOD?

Description

Time

  • Played on: Sept. 10, 2016, 8:14 p.m.
  • Length: 5:36

All games in this series

Show
View Real Time Build Order
Export as new Build Order

Neeb Protoss - Winner!

Build Orders: 1 Gate Expand, Oracle Opening, Phoenix Opening 

Get SALT Encoding   

  12  0:00  Probe (Chrono Boost)  
  13  0:11  Probe (Chrono Boost)  
  14  0:17  Pylon  
  14  0:22  Probe (Chrono Boost)  
  15  0:36  Gateway, Probe (Chrono Boost)  
  16  0:46  Probe (Chrono Boost)  
  16  0:47  Assimilator  
  18  0:57  Probe (Chrono Boost)  
  18  1:07  Probe (Chrono Boost)  
  19  1:19  Nexus  
  19  1:21  Probe (Chrono Boost)  
  20  1:31  Cybernetics Core  
  20  1:34  Probe (Chrono Boost)  
  21  1:42  Assimilator  
  21  1:45  Probe (Chrono Boost)  
  22  1:49  Pylon  
  22  1:55  Probe (Chrono Boost)  
  23  2:04  Adept  
  23  2:07  Warp Gate  
  26  2:09  Probe (Chrono Boost)  
  26  2:21  Probe (Chrono Boost)  
  27  2:31  Stargate  
  27  2:32  Probe (Chrono Boost), Adept  
  27  2:33  Probe (Chrono Boost)  
  31  2:43  Probe (Chrono Boost)  
  33  2:45  Probe (Chrono Boost)  
  33  2:53  Probe (Chrono Boost)  
  33  2:56  Probe (Chrono Boost)  
  35  2:59  Adept  
  35  3:04  Probe (Chrono Boost)  
  38  3:06  Probe (Chrono Boost)  
  39  3:13  Oracle  
  39  3:15  Probe (Chrono Boost)  
  39  3:17  Probe (Chrono Boost)  
  44  3:23  Pylon  
  44  3:24  Gateway  
  44  3:26  Gateway  
  45  3:27  Probe (Chrono Boost)  
  45  3:28  Probe (Chrono Boost)  
  46  3:41  Pylon  
  46  3:42  Mothership Core (Chrono Boost), Pylon  
  46  3:43  Probe (Chrono Boost)  
  46  3:46  Phoenix  
  49  3:55  Probe (Chrono Boost)  
  52  4:00  Probe (Chrono Boost)  
  53  4:07  Pylon, Probe (Chrono Boost)  
  54  4:10  Probe (Chrono Boost)  
  55  4:19  Probe (Chrono Boost)  
  55  4:23  Phoenix, Probe (Chrono Boost)  
  57  4:29  Adept  
  57  4:31  Assimilator, Pylon, Probe (Chrono Boost)  
  62  4:32  Assimilator, Adept x2  
  62  4:33  Probe (Chrono Boost)  
  67  4:43  Probe (Chrono Boost)  
  67  4:45  Phoenix, Nexus  
  68  4:48  Probe (Chrono Boost)  
  68  4:50  Adept  
  73  4:57  Adept x2  
  73  4:59  Probe (Chrono Boost)  
  77  5:03  Probe (Chrono Boost)  
Show
View Real Time Build Order
Export as new Build Order

iaguz Terran 

Build Orders:  

Get SALT Encoding   

  12  0:00  SCV  
  13  0:12  SCV  
  14  0:17  Supply Depot  
  14  0:24  SCV  
  15  0:38  SCV  
  15  0:40  Barracks  
  16  0:45  Refinery  
  16  0:50  SCV  
  17  1:03  SCV  
  18  1:15  SCV  
  19  1:27  Orbital Command, Marine  
  20  1:38  Command Center  
  20  1:52  Factory  
  20  1:53  SCV  
  21  2:03  Supply Depot  
  21  2:05  SCV  
  21  2:06  Barracks Reactor  
  22  2:10  Refinery  
  22  2:17  SCV  
  23  2:29  SCV  
  24  2:38  Starport  
  24  2:42  Marine x2  
  24  2:43  SCV, Factory Tech Lab  
  27  2:50  Orbital Command  
  27  2:55  SCV  
  28  3:00  Marine x2  
  30  3:08  SCV  
  30  3:18  SCV, Marine x2  
  33  3:20  SCV, Siege Tank  
  33  3:23  Medivac  
  39  3:28  Supply Depot  
  39  3:32  SCV  
  39  3:33  SCV  
  41  3:35  Marine x2  
  43  3:45  SCV x2  
  45  3:53  Marine x2  
  45  3:54  Cyclone  
  51  3:57  SCV x2  
  52  4:04  Supply Depot, Liberator  
  52  4:09  SCV x2  
  54  4:14  Marine x2  
  54  4:22  SCV  
  54  4:23  SCV  
  51  4:34  SCV, Marine x2  
  51  4:36  SCV  
  55  4:40  Engineering Bay  
  55  4:42  Supply Depot  
  55  4:49  Siege Tank  
  55  4:51  SCV  
  59  4:57  SCV  
  52  5:03  SCV  
Tags
 
Add a new tag
Caveats
  • Supply blocks, unpowered buildings, or Contaminate may cause inaccurate times.
  • Supply counts are checked every 10 seconds.